 Dungeon Crawl Stone Soup version 0.29.1-13-g9f3cf754e1 (webtiles) character file.

Game seed: 10096744489783658481

158 MacCMillion the Stinger (level 5, -1/42 HPs)
             Began as a Naga Venom Mage on Feb 11, 2023.
             Slain by an ice beast (6 damage)
             ... on level 5 of the Dungeon.
             The game lasted 00:11:11 (5247 turns).

MacCMillion the Stinger (Naga Venom Mage)           Turns: 5247, Time: 00:11:11

Health: -1/42      AC:  2    Str: 11    XL:     5   Next: 39%
Magic:  7/8        EV:  9    Int: 17    God:
Gold:   229        SH:  0    Dex: 11    Spells: 2/8 levels left

rFire   . . .      SeeInvis +   d - +3 dagger (drain)
rCold   . . .      Faith    .   (no shield)
rNeg    . . .      Spirit   .   a - +0 robe
rPois   +          Reflect  .   (no helmet)
rElec   .          Harm     .   (no cloak)
rCorr   .          Rampage  .   (no gloves)
Will    .....                   (no barding)
Stlth   ++........              e - amulet of magic regeneration
HPRegen 0.14/turn               (no ring)
MPRegen 0.51/turn               (no ring)

@: mighty, very slightly contaminated, very slow
A: AC +1, large, see invisible, deformed body, poison resistance, slowness 2,
spit poison 1, naga tail 1
a: Spit Poison


You were on level 5 of the Dungeon.
You visited 1 branch of the dungeon, and saw 5 of its levels.

You collected 262 gold pieces.
You spent 33 gold pieces at shops.

Inventory:

Hand Weapons
 c - a +0 dagger
 d - a +3 dagger of draining (weapon)
 g - a +0 dagger of pain
Armour
 a - a +0 robe (worn)
Jewellery
 e - an amulet of magic regeneration (around neck)
 l - a ring of positive energy
 C - an amulet of guardian spirit
Wands
 v - a wand of charming (8)
Scrolls
 i - a scroll of fear {unknown}
 j - a scroll of fog {unknown}
 n - a scroll of torment {unknown}
 r - 2 scrolls of teleportation
 t - a scroll of summoning {unknown}
 x - 3 scrolls of enchant armour {unknown}
 y - a scroll of amnesia {unknown}
 z - 2 scrolls of blinking {unknown}
 A - 2 scrolls of immolation {unknown}
Potions
 b - a potion of magic
 f - a potion of berserk rage {unknown}
 h - 2 potions of lignification
 k - a potion of might
 m - 5 potions of curing
 o - 2 potions of mutation
 p - 2 potions of attraction
 q - a potion of haste {unknown}
 s - 2 potions of resistance
 u - 2 potions of flight {unknown}
 w - a potion of degeneration {unknown}
 B - a potion of cancellation {unknown}
 D - a potion of ambrosia {unknown}
 E - a potion of heal wounds {unknown}


   Skills:
 - Level 1.5 Dodging
 - Level 3.0 Stealth
 - Level 2.0 Spellcasting
 - Level 1.0 Transmutations
 + Level 3.5 Air Magic
 - Level 6.0 Poison Magic


You had 2 spell levels left.
You knew the following spells:

 Your Spells              Type           Power      Damage    Failure   Level
a - Sting                 Tmut/Pois      52%        1d5       4%          1
b - Poisonous Vapours     Pois/Air       34%        N/A       4%          2
c - Mephitic Cloud        Conj/Pois/Air  12%        N/A       16%         3

Your spell library contained the following spells:

 Spells                   Type           Power      Damage    Failure   Level
 Olgreb's Toxic Radiance  Pois           22%        N/A       16%         4
 Animate Dead             Necr           1%         N/A       88%         4
 Borgnjor's Vile Clutch   Necr/Erth      0%         N/A       99%         5
 Death Channel            Necr           0%         N/A       100%        6


Dungeon Overview and Level Annotations

Branches:
Dungeon (5/15)
 Temple: D:4-7

Altars:
Xom

Shops:
D:2 *

Annotations:
D:4 1 runed translucent door, tykejmi's ghost, amateur DgTm


Innate Abilities, Weirdness & Mutations

Your serpentine skin is tough. (AC +1)
You have supernaturally acute eyesight. (SInv)
Armour fits poorly on your strangely shaped body.
Your system is resistant to poisons. (rPois)
You cover ground very slowly.
You can spit poison.
You have a snake-like lower body.


Message History

The ufetubus is moderately wounded.
The ufetubus misses you. The ufetubus hits you.
The ufetubus barely misses you. x2
The sting hits the ufetubus.
The ufetubus looks as sick as possible!
The ufetubus is moderately wounded.
The ufetubus hits you but does no damage.
The ufetubus hits you.
You have got your breath back.
The ufetubus hits you.
The ufetubus hits you but does no damage.
You hit the ufetubus.
You kill the ufetubus!
You start resting.
Magic restored.
You start resting.
An ice beast comes into view.
An ice beast is nearby!
You can't see any susceptible monsters within range! (Use Z to cast anyway.)
Aiming: Spit Poison (1% risk of failure)
Press: ? - help, Shift-Dir - straight line, f - ice beast
Aim: an ice beast (59% to hit)
The splash of poison misses the ice beast.
You have got your breath back.
There is an open door here.
The sting hits the ice beast but does no damage.
The ice beast is poisoned.
The ice beast barely misses you.
You miscast Sting.
You are very lightly contaminated with residual magic.
Nothing appears to happen.
The ice beast hits you. The ice beast freezes you!
The sting misses the ice beast.
The ice beast hits you. The ice beast freezes you!
* * * LOW HITPOINT WARNING * * *
Unknown command.
Okay, then.
You feel very mighty all of a sudden. The ice beast barely misses you.
You closely miss the ice beast.
The ice beast is lightly wounded.
The ice beast hits you.
* * * LOW HITPOINT WARNING * * *
The ice beast freezes you.
You die...

#.# #.# #.# #.# #.#
##.######## ##+##
#.....Y...# ##...##
#.#####.#.###.....## #.#
#.#Y##@.<....## #####.#
#.#.#Y........# ......#
#...'.........+
#####.#####.#.#.........#
#.......#.##.......##
##........###.....##
#..##.##### ##...##
#..###.# ...... .... ..#
...##


You could see an ice beast (poisoned).

Vanquished Creatures
  A mummy (D:4)
  4 adders
  2 ufetubi
  2 dart slugs (D:4)
  3 orcs
  6 ball pythons
  12 endoplasms
  3 giant cockroaches (D:2)
  10 goblins
  8 hobgoblins
  7 jackals
  6 kobolds
  3 quokkas
  5 bats
  4 frilled lizards
  A hobgoblin zombie (D:4)
  2 kobold zombies (D:4)
  An orc zombie (D:4)
  6 rats
86 creatures vanquished.

Notes
Turn   | Place    | Note
-------+----------+-------------------------------------------
     0 | D:1      | MacCMillion the Naga Venom Mage began the quest for the
                  | Orb.
     0 | D:1      | Reached XP level 1. HP: 15/15 MP: 3/3
   369 | D:1      | Reached XP level 2. HP: 22/22 MP: 0/5
   839 | D:1      | Reached skill level 5 in Poison Magic
  1395 | D:1      | Reached XP level 3. HP: 24/28 MP: 3/6
  1546 | D:1      | Found a faded altar of an unknown god.
  1585 | D:1      | Learned a level 2 spell: Poisonous Vapours
  1589 | D:1      | Learned a level 3 spell: Mephitic Cloud
  2314 | D:2      | Reached skill level 6 in Poison Magic
  2325 | D:2      | Found a shimmering altar of Xom.
  2615 | D:2      | Found Titut's General Store.
  2623 | D:2      | Bought a scroll of teleportation for 33 gold pieces
  2864 | D:2      | Reached skill level 1 in Air Magic
  2877 | D:2      | Reached XP level 4. HP: 36/36 MP: 5/7
  4055 | D:4      | Found a runed translucent door.
  4055 | D:4      | Noticed tykejmi's ghost (amateur DgTm)
  4183 | D:4      | Reached XP level 5. HP: 42/42 MP: 5/8
  5125 | D:5      | Entered Level 5 of the Dungeon
  5230 | D:5      | Noticed an ice beast
  5247 | D:5      | Slain by an ice beast

Illustrated notes

Levels and vault maps discovered:
D:1:      lightli_arrival_lavapool, layout_basic,
          shapermc_ecumenical_altar_pompeii
D:2:      layout_basic, serial_shops,
          nicolae_shop_temple_entry_statues_fountains, basic_altar
D:3:      layout_basic, dreamdust_princess_corridor
D:4:      layout_basic, hellmonk_ghost_happy_afterlife, minmay_mini_ossuary
D:5:      layout_loops_corners, temple_pool_b, uniq_blork_the_orc

Skill      XL: |  1  2  3  4 |
---------------+-------------+-----
Poison Magic   | 5 6 |  6.0
Air Magic      | 1 3 |  3.5
Dodging        | |  1.5
Stealth        | |  3.0
Spellcasting   | |  2.0
Transmutations | |  1.0

Action                   |  1- 3 |  4- 6 || total
-------------------------+-------+-------++-------
Melee: Dagger            |     8 |    28 ||    36
 Cast: Sting             |    78 |    58 ||   136
       Poisonous Vapours |     4 |     6 ||    10
 Abil: Spit Poison       |     4 |    20 ||    24
  Use: Scroll            |       |     6 ||     6
       Potion            |       |     1 ||     1
 Stab: Sleeping          |       |     3 ||     3
Armor: Robe              |    13 |    11 ||    24
Dodge: Dodged            |     9 |    25 ||    34
